 Dungeon Crawl Stone Soup version 0.20.1-1-g8b1a95d (webtiles) character file.

1486 dmj the Ruffian (level 8, -2/75 HPs)
             Began as a Troll Fighter on July 30, 2017.
             Slain by a hornet (5 damage)
             ... while paralysed by a hornet
             ... on level 7 of the Dungeon.
             The game lasted 00:27:34 (6105 turns).

dmj the Ruffian (Troll Fighter)                     Turns: 6105, Time: 00:27:35

Health: -2/75      AC:  5    Str: 27    XL:     8   Next: 50%
Magic:  7/7        EV:  1    Int:  6    God:    Xom [..*...]
Gold:   425        SH:  0    Dex:  9    Spells: 7/7 levels left

rFire    + . .     SeeInvis .     - Unarmed
rCold    + . .     Gourm    +   b - +1 shield
rNeg     . . .     Faith    .   x - +0 robe
rPois    .         Spirit   .   (helmet restricted)
rElec    .         Reflect  .   F - scarf {rC+ rF+}
rCorr    .         Harm     .   (gloves unavailable)
MR       .....                  (boots unavailable)
Stlth    +.........             (no amulet)
Regen    0.7/turn               l - ring of wizardry
MPRegen  0.1/turn               t - +2 ring of intelligence

@: paralysed, lethally poisoned (-2 -> -2)
A: unfitting armour, claws 3, fast metabolism 3, gourmand, regeneration 1,
shaggy fur 1, tough skin 2
a: Renounce Religion


You were on level 7 of the Dungeon.
You worshipped Xom.
You were a toy of Xom.
You were not hungry.

You visited 2 branches of the dungeon, and saw 8 of its levels.

You collected 425 gold pieces.

Inventory:

Hand Weapons
 j - a +0 hand axe of venom
 o - a +0 hunting sling
 r - a +0 mace of holy wrath
 B - a +0 shortbow
Missiles
 m - 8 javelins (quivered)
 C - 38 arrows
Armour
 a - a +0 robe
 b - a +1 shield (worn)
 x - a +0 robe (worn)
 F - a scarf of resistance (worn)
Jewellery
 l - a ring of wizardry (left claw)
 t - a +2 ring of intelligence (right claw)
 G - an uncursed ring of protection from magic
Wands
 e - a wand of lightning (6/15)
 n - a wand of acid (9/15)
 w - a wand of acid (10/15)
Scrolls
 f - 2 scrolls of enchant weapon
 g - 5 scrolls of remove curse
 q - a scroll of identify
 v - 2 scrolls of teleportation
 y - a scroll of holy word {unknown}
 A - a scroll of blinking {unknown}
 E - a scroll of amnesia
Potions
 c - a potion of might
 d - 3 potions of magic {unknown}
 k - 3 potions of curing {unknown}
 p - a potion of berserk rage {unknown}
 s - a potion of cancellation {unknown}
 u - a potion of flight {unknown}
Books
 D - a book of Necromancy

   Spells                             Type                      Level
   a - Pain                           Necromancy                   1
   b - Animate Skeleton               Necromancy                   1
   c - Vampiric Draining              Necromancy                   3
   d - Regeneration                   Charms/Necromancy            3
   e - Animate Dead                   Necromancy                   4
   f - Control Undead                 Necromancy                   4
Comestibles
 h - a royal jelly
 i - a meat ration
 z - 3 fruits


   Skills:
 + Level 3.4 Fighting
 + Level 4.9 Dodging
 + Level 0.9 Stealth
 + Level 4.6 Shields
 + Level 7.3 Unarmed Combat


You had 7 spell levels left.
You didn't know any spells.

Dungeon Overview and Level Annotations

Branches:
Dungeon (7/15)             Temple (1/1) D:5

Altars:
Ashenzari
Cheibriados
Dithmenos
Elyvilon
Gozag
Hepliaklqana
Nemelex Xobeh
Qazlal
Ru
Sif Muna
Vehumet
Xom


Innate Abilities, Weirdness & Mutations

You are too large for most types of armour.
You have claws for hands.
Your metabolism is lightning-fast.
You like to eat raw meat.
Your natural rate of healing is unusually fast.
You are covered in fur. (AC +1)
You have very tough skin. (AC +2)


Message History

Your shield prevents you from hitting the bullfrog.
You block the adder's attack. The bullfrog hits you.
You claw the bullfrog!
The bullfrog is heavily wounded.
You block the bullfrog's attack. You block the adder's attack.
The hornet closely misses you. You block the adder's attack.
The bullfrog hits you.
You closely miss the adder.
The adder is heavily wounded.
The hornet stings you!
* * * LOW HITPOINT WARNING * * *
You suddenly lose the ability to move!
The bullfrog hits you!
* * * LOW HITPOINT WARNING * * *
The adder bites you.
* * * LOW HITPOINT WARNING * * *
You are more poisoned.
The adder poisons you!
You feel sick. The hornet stings you.
You die...
Xom roars with laughter!

#######.....##..##....
... +...†.'............
.. ..
#######.....######## ∆
######.........#
#..............#
#..............#
#..............#
...[...........#########
................@S.....#
[...........bb..Fy.....#
..........#####........#
########### #.......[.
.......... ...........
∆∆ %..........
....#####...


You could see a hornet, a bullfrog and an adder.

Vanquished Creatures
  A water moccasin (D:7)
  An orc warrior (D:6)
  2 sky beasts
  4 ogres
  A centaur (D:6)
  2 bullfrogs
  3 crimson imps
  3 jellies (D:7)
  An orc wizard (D:6)
  A worker ant (D:6)
  15 adders
  3 gnolls (D:2)
  2 river rats (D:5)
  2 oozes
  2 adder zombies (D:6)
  2 worms
  A dart slug (D:4)
  3 leopard geckos
  11 orcs
  A ball python (D:2)
  12 bats
  4 giant cockroaches
  5 goblins
  6 hobgoblins
  4 jackals (D:3)
  11 kobolds
  7 quokkas
  7 frilled lizards
  A leopard gecko skeleton (D:4)
  An orc zombie (D:7)
  2 quokka skeletons
  12 rats
133 creatures vanquished.

Notes
Turn   | Place    | Note
-------+----------+-------------------------------------------
     0 | D:1      | dmj the Troll Fighter began the quest for the Orb.
     0 | D:1      | Reached XP level 1. HP: 22/22 MP: 0/0
   428 | D:1      | Reached XP level 2. HP: 29/29 MP: 1/1
  1003 | D:2      | Reached XP level 3. HP: 34/36 MP: 2/2
  1242 | D:2      | Reached XP level 4. HP: 44/44 MP: 3/3
  1304 | D:2      | Reached skill level 3 in Unarmed Combat
  2313 | D:3      | Reached XP level 5. HP: 52/52 MP: 4/4
  3411 | D:4      | Found a stormy altar of Qazlal.
  3608 | D:4      | Noticed an ogre
  3612 | D:4      | Killed an ogre
  3612 | D:4      | Reached skill level 4 in Unarmed Combat
  3612 | D:4      | Reached XP level 6. HP: 59/59 MP: 5/5
  3994 | D:5      | Entered Level 5 of the Dungeon
  4253 | D:5      | Found a staircase to the Ecumenical Temple.
  4267 | Temple   | Entered the Ecumenical Temple
  4721 | Temple   | Became a worshipper of Xom of Chaos
  4869 | D:5      | Found a sacrificial altar of Ru.
  4961 | D:5      | XOM: silly message
  5334 | D:6      | Noticed a sky beast
  5356 | D:6      | XOM: harmless Tmut miscast
  5361 | D:6      | Killed a sky beast
  5361 | D:6      | Reached skill level 5 in Unarmed Combat
  5361 | D:6      | Reached XP level 7. HP: 60/67 MP: 6/6
  5514 | D:6      | XOM: butterfly on damage
  5578 | D:6      | XOM: potion effect (brilliance)
  5632 | D:6      | XOM: mild Fire miscast
  5683 | D:6      | XOM: confuse monster(s)
  5686 | D:6      | Reached skill level 6 in Unarmed Combat
  5704 | D:6      | Found a white marble altar of Elyvilon.
  5798 | D:6      | Reached XP level 8. HP: 75/75 MP: 7/7
  6015 | D:7      | XOM: divination: detect items
  6067 | D:7      | Reached skill level 7 in Unarmed Combat
  6099 | D:7      | Noticed a hornet
  6099 | D:7      | XOM: butterfly on damage
  6104 | D:7      | Paralysed by a hornet for 2 turns
  6105 | D:7      | HP: 3/75 [poisoned by an adder]
  6105 | D:7      | Slain by a hornet

Skill      XL: |  1  2  3  4  5  6  7  8 |
---------------+-------------------------+-----
Dodging        | 3 4 |  4.9
Unarmed Combat | 3 4 5 6 7 |  7.3
Shields        | 3 4 |  4.6
Fighting       | 3 |  3.4
Stealth        | |  0.9

Action                   |  1- 3 |  4- 6 |  7- 9 || total
-------------------------+-------+-------+-------++-------
Melee: Unarmed           |   114 |   216 |    86 ||   416
  Use: Scroll            |     2 |    10 |     3 ||    15
 Stab: Sleeping          |     1 |       |       ||     1
       Confused          |       |       |     1 ||     1
  Eat: Chunk             |     3 |     8 |     3 ||    14
       Meat ration       |     1 |     3 |     1 ||     5
       Bread ration      |       |     3 |       ||     3
       Fruit             |       |     2 |       ||     2
Armor: Robe              |    51 |    80 |    13 ||   144
Dodge: Dodged            |    49 |    84 |    20 ||   153
Block: Shield            |    52 |   112 |    42 ||   206
